 Dungeon Crawl Stone Soup version 0.30.1-4-g462c640d31 (webtiles) character file.

Game seed: 15735564059256031457

111 Babbit the Digger (level 4, 0/24 HPs)
             Began as a Gargoyle Earth Elementalist on Aug 25, 2023.
             Slain by a cerulean imp
             ... wielding a +2 spear
             ... summoned by Natasha
              (4 damage)
             ... on level 3 of the Dungeon.
             The game lasted 00:10:40 (1504 turns).

Babbit the Digger (Gargoyle Earth Elementalist)     Turns: 1504, Time: 00:10:40

Health: 0/24       AC:  8    Str: 12    XL:     4   Next: 92%
Magic:  0/8        EV: 10    Int: 17    God:
Gold:   86         SH:  0    Dex: 10    Spells: 5/9 levels left

rFire   . . .        f - +2 whip (freeze)
rCold   + . .        (no shield)
rNeg    + . .        c - +0 ring mail "Koruno" {rC+ Will+}
rPois   ∞            (no helmet)
rElec   +            (no cloak)
rCorr   +            (no gloves)
SInv    +            (no boots)
Will    +....        (no amulet)
Stlth   +            h - ring of resist corrosion
HPRegen 0.24/turn    g - ring of see invisible
MPRegen 0.11/turn

%: no passive effects
@: no status effects
A: sickness immunity, AC +3, negative energy resistance 1, electricity
resistance, torment resistance 1, petrification resistance
a: no special abilities


You were on level 3 of the Dungeon.
You visited 1 branch of the dungeon, and saw 3 of its levels.

You collected 86 gold pieces.

Inventory:

Hand Weapons
 f - a +2 whip of freezing (weapon)
Missiles
 e - 5 javelins
Armour
 a - a +0 robe
 c - the +0 ring mail "Koruno" (worn) {rC+ Will+}
   (You found it on level 2 of the Dungeon)

   rC:        It protects you from cold.
   Will:      It increases your willpower.
Jewellery
 g - a ring of see invisible (right hand)
 h - a ring of resist corrosion (left hand)
Scrolls
 j - a scroll of silence {unknown}
 k - a scroll of enchant armour {unknown}
 l - a scroll of fear {unknown}
Potions
 b - a potion of magic
 i - a potion of brilliance


   Skills:
 + Level 0.1 Fighting
 + Level 1.6 Dodging
 + Level 2.6 Stealth
 + Level 0.4 Unarmed Combat
 + Level 3.0 Spellcasting
 + Level 0.8 Transmutations
 + Level 5.2 Earth Magic


You had 5 spell levels left.
You knew the following spells:

 Your Spells              Type           Power      Damage    Failure   Level
a - Sandblast             Erth           40%        2d10      4%          1
b - Stone Arrow           Conj/Erth      22%        3d8       38%         3

Your spell library contained the following spells:

 Spells                   Type           Power      Damage    Failure   Level
 Passwall                 Tmut/Erth      10%        N/A       17%         2
 Petrify                  Tmut/Erth      13%        N/A       73%         4
 Dazzling Flash           Conj/Hex       4%         N/A       75%         3
 Volatile Blastmotes      Fire/Tloc      4%         2d10      75%         3
 Iskenderun's Mystic Bla  Conj/Tloc      2%         2d3       98%         4
 Starburst                Conj/Fire      1%         6d3       100%        6


Dungeon Overview and Level Annotations

Branches:
Dungeon (2/15)

Altars:
Dithmenos

Annotations:
D:3 Natasha


Innate Abilities, Weirdness & Mutations

You are immune to sickness and miasma.
Your stone body is resilient. (AC +3)
You are immune to poison.
You resist negative energy. (rN+)
You are resistant to electric shocks. (rElec)
You are resistant to unholy torment.
You are immune to petrification.


Message History

Press: ? - help, Shift-Dir - straight line, f - adder
Aim: an adder (72% to hit)
Okay, then.
Casting: Sandblast (safe; 4% risk of failure)
Confirm with . or Enter, or press ? or * to list all spells.
Aiming: Sandblast (safe; 4% risk of failure)
Press: ? - help, Shift-Dir - straight line, f - adder
Aim: an adder (72% to hit)
The blast of sand hits the adder.
The adder is moderately wounded.
The adder closely misses you. The cerulean imp closely misses you.
The adder bites you but does no damage.
The cerulean imp hits you from afar with a +2 spear.
You closely miss the adder.
The adder is moderately wounded.
The adder barely misses you. The adder closely misses you.
The cerulean imp hits you from afar with a +2 spear.
* * * LOW HITPOINT WARNING * * *
You closely miss the adder.
The adder is moderately wounded.
An adder comes into view.
The adder bites you.
* * * LOW HITPOINT WARNING * * *
The cerulean imp barely misses you.
The adder hisses angrily.
You hit the adder.
The adder seems to slow down.
You freeze the adder.
The adder is almost dead.
The adder bites you but does no damage. The cerulean imp closely misses you.
Casting: Sandblast (safe; 4% risk of failure)
Confirm with . or Enter, or press ? or * to list all spells.
Aiming: Sandblast (safe; 4% risk of failure)
Press: ? - help, Shift-Dir - straight line, f/p - adder
Aim: an adder (almost dead, slow, 72% to hit)
The blast of sand hits the adder!
You kill the adder!
The cerulean imp hits you from afar with a +2 spear.
* * * LOW HITPOINT WARNING * * *
A rat comes into view.
The cerulean imp hits you with a +2 spear.
You die...

#.≈.≈≈≈.≈.#
#.≈≈...≈≈.#
#.≈≈._.≈≈.#
#.≈≈)..≈≈.#
#.≈g≈≈≈.≈.#
#h≈o†...≈.#
##..≈≈≈≈≈..#
#5#########..
#.@.....# ... ..
#.......# #. ..
#..S....# #. #.......#
#.#######.......#
#.#.#.............#
####.#.#.............#
.....#.#......#######r
............).#


You could see a cerulean imp (summoned), an adder and a rat.

Vanquished Creatures
  Terence (D:2)
  3 adders
  2 worms (D:2)
  2 dart slugs
  2 orcs (D:3)
  2 ball pythons (D:2)
  4 endoplasms
  2 giant cockroaches (D:1)
  3 goblins
  7 hobgoblins
  6 jackals
  A kobold (D:1)
  2 quokkas
  2 bats
  2 frilled lizards (D:1)
  2 rats (D:1)
43 creatures vanquished.

Notes
Turn   | Place    | Note
-------+----------+-------------------------------------------
     0 | D:1      | Babbit the Gargoyle Earth Elementalist began the quest for
                  | the Orb.
     0 | D:1      | Reached XP level 1. HP: 10/10 MP: 3/3
   163 | D:1      | Reached XP level 2. HP: 8/15 MP: 0/5
   505 | D:1      | Reached skill level 4 in Earth Magic
   922 | D:1      | Reached XP level 3. HP: 19/19 MP: 4/6
  1313 | D:2      | Noticed Terence
  1320 | D:2      | Killed Terence
  1321 | D:2      | Reached XP level 4. HP: 24/24 MP: 1/8
  1400 | D:2      | Identified the +0 ring mail "Koruno" {rC+ Will+}
  1443 | D:2      | You fall into a shaft and drop 1 floor!
  1450 | D:3      | Reached skill level 5 in Earth Magic
  1454 | D:3      | Learned a level 3 spell: Stone Arrow
  1473 | D:3      | Found a shadowy altar of Dithmenos.
  1486 | D:3      | Noticed Natasha
  1504 | D:3      | Slain by a cerulean imp

Illustrated notes

Levels and vault maps discovered:
D:1:      heliophobic_arrival_glass_houses, layout_basic, minmay_misc_feat_room
D:2:      minmay_spotlight, layout_loops_ring, uniq_terence
D:3:      layout_basic, mainiacjoe_overflow_paths,
          nicolae_overflow_hallway_of_the_gods, gup_sewer_entry_glass,
          st_stairs_12, chequers_serial_rivers_room_a, uniq_natasha

Skill      XL: |  1  2  3  4 |
---------------+-------------+-----
Earth Magic    | 4 5 |  5.2
Spellcasting   | 3 |  3.0
Fighting       | |  0.1
Dodging        | |  1.6
Stealth        | |  2.6
Unarmed Combat | |  0.4
Transmutations | |  0.8

Action                     |  1- 3 |  4- 6 || total
---------------------------+-------+-------++-------
  Melee: Unarmed           |    21 |       ||    21
         Whip              |     6 |    10 ||    16
   Cast: Sandblast         |    48 |    14 ||    62
    Use: Scroll            |     3 |     1 ||     4
         Potion            |     1 |       ||     1
 Armour: Robe              |    10 |     1 ||    11
         Ring mail         |       |    14 ||    14
  Dodge: Dodged            |    23 |    17 ||    40
